 Dungeon Crawl Stone Soup version 0.24.0-37-gcf1ca852f1 (webtiles) character file.

Game seed: 5209141134855883155, levelgen mode: deterministic

182 Descartes the Sneak (level 5, -7/22 HPs)
             Began as a Felid Transmuter on Nov 24, 2019.
             Mangled by a water moccasin (10 damage)
             ... on level 5 of the Dungeon.
             The game lasted 00:12:32 (5022 turns).

Descartes the Sneak (Felid Transmuter)              Turns: 5022, Time: 00:12:33

Health: -7/22      AC:  1    Str:  7    XL:     5   Next: 34%
Magic:  9/9        EV: 18    Int: 14    God:
Gold:   291        SH:  0    Dex: 17    Spells: 5/8 levels left
                                        Lives:  0   Deaths: 1

rFire    . . .     SeeInvis +     - Unarmed
rCold    . . .     Gourm    .   (shield unavailable)
rNeg     . . .     Faith    .   (armour unavailable)
rPois    .         Spirit   .   (helmet unavailable)
rElec    .         Reflect  .   (cloak unavailable)
rCorr    .         Harm     .   (gloves unavailable)
MR       ++...                  (boots unavailable)
Stlth    ++++......             (no amulet)
HPRegen  0.07/turn              (no ring)
MPRegen  0.11/turn              (no ring)

@: lethally poisoned (-7 -> -16), quick
A: very small, no armour, no weapons or thrown items, stealth, claws 1, fangs 3,
horns 1, see invisible, carnivore, speed 1, high mp 1, magic resistance 2,
shaggy fur 1, slow metabolism 1, sharp paws
a: no special abilities


You were on level 5 of the Dungeon.
You were completely stuffed.

You visited 1 branch of the dungeon, and saw 5 of its levels.

You collected 291 gold pieces.

Inventory:

Missiles
 a - 31 arrows
 i - 99 stones
Scrolls
 d - 4 scrolls of remove curse
 e - a scroll of noise {unknown}
 f - 4 scrolls of identify
 g - a scroll of magic mapping {unknown}
 k - 2 scrolls of amnesia {unknown}
 m - 2 scrolls of immolation {unknown}
 o - 2 scrolls of teleportation {unknown}
 s - 2 scrolls of enchant weapon {unknown}
Potions
 b - 2 potions of lignification
 l - a potion of flight
 n - a potion of agility {unknown}
 p - a potion of curing {unknown}
 q - a potion of degeneration
 r - 3 potions of berserk rage {unknown}
Comestibles
 c - 7 rations


   Skills:
 - Level 1.0 Fighting
 - Level 2.6 Dodging
 - Level 6.1 Stealth
 + Level 4.3 Unarmed Combat
 - Level 2.0 Spellcasting
 + Level 3.1 Transmutations


You had 5 spell levels left.
You knew the following spells:

 Your Spells              Type           Power        Failure   Level  Hunger
a - Beastly Appendage     Tmut           ##....       7%          1    ##.....
b - Sticks to Snakes      Tmut           ##......     10%         2    ###....

Your spell library contained the following spells:

 Spells                   Type           Power        Failure   Level  Hunger
 Confusing Touch          Hex            #.....       24%         1    ##.....
 Spider Form              Tmut/Pois      #.........   36%         3    ####...
 Confuse                  Hex            #.......     56%         3    ####...
 Gell's Gravitas          Tloc           #.........   56%         3    ####...
 Ice Form                 Ice/Tmut       #.......     77%         4    #####..
 Petrify                  Tmut/Erth      #.......     77%         4    #####..
 Blade Hands              Tmut           ##........   88%         5    ######.
 Yara's Violent Unravell  Hex/Tmut       #.........   98%         5    ######.
 Metabolic Englaciation   Hex/Ice        #.........   100%        5    ######.


Dungeon Overview and Level Annotations

Branches:
Dungeon (5/15)
 Temple: D:4-7

Altars:
Makhleb


Innate Abilities, Weirdness & Mutations

You cannot wear armour.
You are incapable of wielding weapons or throwing items.
Your paws allow you to move quietly. (Stealth)
You have sharp claws.
You have razor-sharp teeth.
You have supernaturally acute eyesight. (SInv)
You are carnivorous and can eat meat at any time.
You cover ground quickly.
You are covered in fur. (AC +1)
You have a slow metabolism.
Your sharp claws are effective at attacking unaware monsters.
You have a pair of small horns on your head.
You have an increased reservoir of magic. (+10% MP)
You are highly resistant to hostile enchantments. (MR++)


Message History

You headbutt the water moccasin, but do no damage.
The water moccasin is moderately wounded.
You feel sick. The water moccasin barely misses you.
The hound barks!
You scratch the water moccasin but do no damage.
The water moccasin is moderately wounded.
You feel sick. The water moccasin closely misses you.
The water moccasin misses you.
You scratch the water moccasin.
The water moccasin is moderately wounded.
You feel sick. The water moccasin bites you.
You claw the water moccasin! You bite the water moccasin.
The water moccasin is severely wounded.
You feel sick. The water moccasin bites you.
* * * LOW HITPOINT WARNING * * *
The hound closely misses you.
You scratch the water moccasin. Your bite misses the water moccasin.
The water moccasin is severely wounded.
The water moccasin bites you!
You die... .# .# .# .# .# .# ######.# #.@h.<.# #S####.# #. .# #. .# #. .# #. .. #. .. ## h.

You could see a water moccasin and a hound.

Vanquished Creatures
  A howler monkey (D:4)
  A bullfrog skeleton (D:4)
  A gnoll shaman (D:3)
  5 gnolls
  2 adders
  A worm (D:3)
  2 dart slugs
  4 leopard geckos
  4 giant cockroaches
  11 goblins
  5 hobgoblins
  3 jackals (D:1)
  7 kobolds
  2 quokkas (D:4)
  3 ball pythons (D:2)
  5 bats
  A frilled lizard (D:4)
  6 rats
64 creatures vanquished.

Notes
Turn   | Place    | Note
-------+----------+-------------------------------------------
     0 | D:1      | Descartes the Felid Transmuter began the quest for the Orb.
     0 | D:1      | Reached XP level 1. HP: 9/9 MP: 4/4
   103 | D:1      | Reached skill level 1 in Stealth
   235 | D:1      | Reached skill level 2 in Stealth
   235 | D:1      | Reached XP level 2. HP: 12/12 MP: 6/6
  1148 | D:2      | Gained mutation: You are resistant to hostile enchantments.
                  | (MR+) [potion of mutation]
  1148 | D:2      | Gained mutation: You have a pair of small horns on your
                  | head. [potion of mutation]
  1148 | D:2      | Gained mutation: You are highly resistant to hostile
                  | enchantments. (MR++) [potion of mutation]
  1148 | D:2      | Gained mutation: You have an increased reservoir of magic.
                  | (+10% MP) [potion of mutation]
  1160 | D:2      | Found a burning altar of Makhleb.
  1167 | D:2      | Reached skill level 3 in Stealth
  1544 | D:2      | Reached XP level 3. HP: 15/15 MP: 7/7
  2157 | D:2      | Reached skill level 4 in Stealth
  2710 | D:3      | Learned a level 2 spell: Sticks to Snakes
  3014 | D:3      | Reached XP level 4. HP: 19/19 MP: 8/8
  3640 | D:3      | Slain by a gnoll
  3641 | D:3      | Reached XP level 3. HP: 0/15 MP: 7/7
  4187 | D:3      | Reached skill level 5 in Stealth
  4192 | D:3      | Reached XP level 4. HP: 19/19 MP: 8/8
  4396 | D:4      | Reached XP level 5. HP: 22/22 MP: 9/9
  4445 | D:4      | Reached skill level 6 in Stealth
  4745 | D:5      | Entered Level 5 of the Dungeon
  5012 | D:5      | Noticed a water moccasin
  5022 | D:5      | Mangled by a water moccasin

Levels and vault maps discovered:
D:1:      minmay_arrival_cross, layout_loops_ring, minmay_misc_feat_diagonals,
          wander_ebering_terrifying_dragon_lair
D:2:      layout_basic, nicolae_overflow_hidden_temple
D:3:      layout_basic
D:4:      layout_cave_pools
D:5:      layout_loops_ring, hangedman_ru_absence, lemuel_doored_altar,
          first_ration, uniq_duvessa

Skill      XL: |  1  2  3  4  5 |
---------------+----------------+-----
Stealth        | 2 3 5 6 |  6.1
Unarmed Combat | 4 |  4.3
Transmutations | 3 |  3.1
Fighting       | |  1.0
Dodging        | |  2.6
Spellcasting   | |  2.0

Action                   |  1- 3 |  4- 6 || total
-------------------------+-------+-------++-------
Melee: Unarmed           |   133 |    66 ||   199
       Bite              |    10 |     6 ||    16
       Punch             |     2 |       ||     2
       Headbutt          |     5 |     9 ||    14
  Use: Scroll            |     3 |       ||     3
       Potion            |     4 |     3 ||     7
 Stab: Sleeping          |    15 |     1 ||    16
       Distracted        |     1 |       ||     1
  Eat: Chunk             |    18 |     2 ||    20
Armor: Skin              |     9 |     9 ||    18
Dodge: Dodged            |    92 |    50 ||   142
